 Dungeon Crawl Stone Soup version 0.18-a0-1788-g92de1ac (webtiles) character file.

81 macross the Sneak (level 4, 0/23 HPs)
             Began as a Vine Stalker Assassin on Apr 21, 2016.
             Slain by a vampire bat (2 damage)
             ... on level 2 of the Dungeon.
             The game lasted 00:05:23 (555 turns).

macross the Sneak (Vine Stalker Assassin)            Turns: 555, Time: 00:05:24

Health: 0/23       AC:  4    Str: 13    XL:     4   Next: 40%
Magic:  0/5        EV: 12    Int: 11    God:
Gold:   8          SH:  0    Dex: 17    Spells: 0 memorised, 3 levels left

rFire  . . .     SeeInvis .     a - +2 dagger
rCold  . . .     Gourm    .     i - +0 robe
rNeg   . . .     Faith    .     (no shield)
rPois  .         Spirit   +     (no helmet)
rElec  .         Dismiss  .     d - +1 cloak
rCorr  .         Reflect  .     (no gloves)
SustAt .         Harm     .     (no boots)
MR     .....                    (no amulet)
Stlth  +++.......               (no ring)
                                (no ring)

@: not resistant to hostile enchantments, fairly stealthy
A: fangs 2, regeneration 1, magic shield, antimagic bite, no device heal 3, rot
immunity
a: no special abilities


You were on level 2 of the Dungeon.
You were not hungry.

You visited 1 branch of the dungeon, and saw 2 of its levels.

You collected 8 gold pieces.

Inventory:

Hand Weapons
 a - a +2 dagger (weapon)
 b - a +0 blowgun
Missiles
 e - 23 poisoned needles (quivered)
 f - 2 curare-tipped needles
Armour
 c - a +0 robe
 d - a +1 cloak (worn)
 i - a +0 robe (worn)
Scrolls
 l - a scroll of identify
Comestibles
 g - a bread ration


   Skills:
 + Level 2.2 Fighting
 + Level 2.2 Short Blades
 + Level 2.0 Throwing
 + Level 1.6 Dodging
 + Level 5.9 Stealth


You had 3 spell levels left.
You didn't know any spells.

Dungeon Overview and Level Annotations

Branches:
Dungeon (2/15)

Altars:
Kikubaaqudgha


Innate Abilities, Weirdness & Mutations

You have extremely sharp teeth.
Your natural rate of healing is unusually fast.
When hurt, damage is shared between your health and your magic reserves.
Your bite disrupts and absorbs the magic of your enemies.
Potions and wands cannot restore your health.
You are immune to rotting.


Message History

The vampire bat closely misses you. x2
The vampire bat bites you but does no damage.
You barely miss the vampire bat. You bite the vampire bat. You drain its power.
You feel invigorated.
The vampire bat is heavily damaged.
The vampire bat bites you but does no damage. x2
The vampire bat barely misses you.
The vampire bat bites you but does no damage.
The vampire bat barely misses you.
You hit the vampire bat.
You bite the vampire bat, but do no damage.
The vampire bat is lightly damaged.
The vampire bat barely misses you. The vampire bat bites you.
* * * LOW HITPOINT WARNING * * *
The vampire bat draws strength from your injuries!
The vampire bat bites you. x2
The vampire bat draws strength from your injuries!
The vampire bat misses you. The vampire bat bites you.
You die...

♣.P....#*,*
♣♣..PP♣.#*,**
#♣P.P♣♣♣.#*,** #P..♣♣
#.#*,** ###*#P.P♣
#.#*,,,
####♣.♣?.♣.♣♣#
#.#****
#.....####.#.# #.# *
#.♣#♣.♣#♣#...###.# *
#....@b...#...##.# *
##♣#♣.♣#♣........# *
#...b###.#...#### *
#.#♣.♣.÷.....# *
#.#..#.#.##..########
#.#..#...............
#.#..#.###..####.####
#.#....###..####.....
#.##..............###


You could see 2 vampire bats.

Vanquished Creatures
  A vampire bat (D:2)
  3 adders (D:2)
  A worm (D:2)
  A bat skeleton (D:2)
  3 bat zombies (D:2)
  A giant cockroach (D:2)
  A hobgoblin (D:2)
  A quokka (D:2)
  A kobold (D:2)
  2 rats (D:2)
15 creatures vanquished.

Notes
Turn   | Place    | Note
--------------------------------------------------------------
     0 | D:1      | macross the Vine Stalker Assassin began the quest for the Orb.
     0 | D:1      | Reached XP level 1. HP: 11/11 MP: 2/2
    28 | D:2      | Reached skill level 5 in Stealth
    28 | D:2      | Reached XP level 2. HP: 11/15 MP: 3/3
   236 | D:2      | Reached skill level 1 in Dodging
   265 | D:2      | Reached XP level 3. HP: 18/18 MP: 4/4
   463 | D:2      | Found an ancient bone altar of Kikubaaqudgha.
   495 | D:2      | Reached XP level 4. HP: 9/23 MP: 3/5
   549 | D:2      | HP: 1/23 [vampire bat (2)]
   555 | D:2      | Slain by a vampire bat

Vault maps used:
D:1:      minmay_arrival_split_and_join
D:2:      kennysheep_vampire_church, serial_forest,
          infiniplex_forest_straight_5, infiniplex_forest_pool,
          infiniplex_forest_lined_4_way, infiniplex_forest_clump_medium,
          infiniplex_forest_clump_curved, infiniplex_forest_corner_2,
          lemuel_old_faithful

Skill      XL: |  1  2  3 |
---------------+----------+-----
Stealth        | 5 |  5.9
Dodging        | 1 |  1.6
Short Blades   | 2 |  2.2
Throwing       | 2 |  2.0
Fighting       | 2 |  2.2

Action                   |  1- 3 |  4- 6 || total
-------------------------+-------+-------++-------
Melee: Dagger            |    60 |    13 ||    73
       Bite              |    18 |     4 ||    22
 Fire: Blowgun           |     4 |       ||     4
  Use: Scroll            |       |     3 ||     3
       Potion            |       |     1 ||     1
 Stab: Sleeping          |     2 |       ||     2
Armor: Robe              |    36 |    23 ||    59
Dodge: Dodged            |    91 |    44 ||   135
